 Dungeon Crawl Stone Soup version 0.31-a0-1300-gb6740aa4e6 (webtiles) character file.

Game seed: 17832966803087305681

4341 LeprechaunX the Mimic (level 10, -7/69 HPs)
             Began as an Octopode Shapeshifter on Dec 18, 2023.
             Was a Follower of Ashenzari.
             Mangled by a meliai
             ... wielding a +0 war axe
              (20 damage)
             ... on level 10 of the Dungeon.
             The game lasted 00:15:56 (9752 turns).

LeprechaunX the Mimic (Octopode Shapeshifter)       Turns: 9752, Time: 00:15:57

Health: -7/69      AC:  1    Str: 16    XL:     10   Next: 33%
Magic:  14/14      EV: 18    Int: 13    God:    Ashenzari [*.....]
Gold:   541        SH:  0    Dex: 13    Spells: 9/14 levels left

rFire   . .          .
                       - Unarmed
rCold   + . .        E - melded +0 kite shield "Cursed Free Will" {Dev, Bglg} (curse)
rNeg    . . .        (helmet restricted)
rPois   .            (no amulet)
rElec   .            i - ring of Ashenzari's Vision {EV+5, Dev, Comp} (curse)
rCorr   .            y - ring of the Shackled the Ego {rC+, Bglg, Dev} (curse)
SInv    .            (no ring)
Will    .....        (no ring)
Stlth   ++           (no ring)
HPRegen 0.31/turn    (no ring)
MPRegen 0.14/turn    (no ring)
                     (no ring)

%: no passive effects
@: lethally poisoned (-7 -> -17), blade tentacles
A: almost no armour, amphibious, 8 rings, camouflage 1, gelatinous body 1,
(nimble swimmer 1), tentacles
a: Begin Untransformation, Renounce Religion, Curse Item, Shatter the Chains


You were on level 10 of the Dungeon.
You worshipped Ashenzari.
Ashenzari was aware of your devotion.
You had blades for main tentacles.
You visited 1 branch of the dungeon, and saw 10 of its levels.

You collected 541 gold pieces.

Inventory:

Hand Weapons
 a - a +0 sling
Missiles
 A - 6 boomerangs
Armour
 E - the cursed +0 kite shield "Cursed Free Will" (melded) {Dev, Bglg}
   (You took it off a gnoll sergeant on level 6 of the Dungeon)

   It has a curse which improves the following skills: Devices: Evocations and
   Shapeshifting.
   Beguiling: Conjurations, Hexes and Translocations.
Jewellery
 i - the cursed ring of Ashenzari's Vision (left blade tentacle) {EV+5, Dev, Comp}
   (You found it on level 1 of the Dungeon)

   [ring of evasion]

   EV+5:      It affects your evasion (+5).
   It has a curse which improves the following skills: Devices: Evocations and
   Shapeshifting.
   Companions: Summonings and Necromancy.
 o - a ring of ice
 y - the cursed ring of the Shackled the Ego (right blade tentacle) {rC+, Bglg, Dev}
   (You found it on level 7 of the Dungeon)

   [ring of protection from cold]

   rC+:       It protects you from cold.
   It has a curse which improves the following skills: Beguiling: Conjurations,
   Hexes and Translocations.
   Devices:   Evocations and Shapeshifting.
Talismans
 b - a beast talisman
 c - a flux talisman
 B - a blade talisman (active)
Wands
 k - a wand of light (4) (quivered)
 u - a wand of flame (20)
 z - a wand of paralysis (16)
 H - a wand of roots (10)
Scrolls
 d - 12 scrolls of identify
 e - 2 scrolls of brand weapon
 l - 2 scrolls of summoning
 m - 2 scrolls of amnesia
 p - 2 scrolls of fear
 q - 4 scrolls of teleportation
 r - 3 scrolls of fog
 v - 2 scrolls of immolation
 w - a scroll of enchant armour
 x - 2 scrolls of noise
 C - a scroll of vulnerability
 D - 2 scrolls of revelation
 G - a scroll of blinking
 J - 2 scrolls of enchant weapon
 K - a scroll of silence
Potions
 f - a potion of might
 g - 2 potions of brilliance
 h - 2 potions of resistance
 j - a potion of curing
 n - 4 potions of cancellation
 s - a potion of degeneration
 t - a potion of lignification
 F - a potion of attraction
 I - 2 potions of magic


   Skills:
 + Level 6.3 Fighting
 - Level 3.0 Throwing
 - Level 2.0 Dodging
 + Level 3.5 Shields
 + Level 6.0 Unarmed Combat
 + Level 2.8 Spellcasting
 + Level 0.0 Conjurations
 + Level 6.1(7.3) Evocations
 * Level 8.8(10.0) Shapeshifting


You had 9 spell levels left.
You knew the following spells:

 Your Spells              Type           Power      Damage    Failure   Level
a - Iskenderun's Battles  Conj           2%         2d6       99%         5

Your spell library contained the following spells:

 Spells                   Type           Power      Damage    Failure   Level
 Apportation              Tloc           4%         N/A       22%         1
 Kiss of Death            Conj/Necr      8%         2d6       22%         1
 Necrotise                Necr           8%         1d4       22%         1
 Slow                     Hex            8%         N/A       22%         1
 Summon Small Mammal      Summ           8%         N/A       22%         1
 Foxfire                  Conj/Fire      4%         2x1d4     24%         1
 Ensorcelled Hibernation  Hex/Ice        2%         N/A       34%         2
 Confusing Touch          Hex            2%         N/A       56%         3
 Ozocubu's Armour         Ice            1%         N/A       56%         3
 Sigil of Binding         Hex            2%         N/A       56%         3
 Vampiric Draining        Necr           2%         2d6       56%         3
 Dispel Undead            Necr           2%         3d7       92%         4
 Brom's Barrelling Bould  Conj/Erth      1%         2d3       93%         4
 Fireball                 Conj/Fire      0%         3d3       100%        5
 Freezing Cloud           Conj/Ice/Air   0%         6-21      100%        5
 Conjure Ball Lightning   Conj/Air       0%         3x3d6     100%        6
 Plasma Beam              Fire/Air       0%         2x1d10    100%        6
 Starburst                Conj/Fire      0%         6d3       100%        6
 Haunt                    Necr/Summ      1%         N/A       100%        7
 Orb of Destruction       Conj           1%         9d5       100%        7


Dungeon Overview and Level Annotations

Branches:
Dungeon (10/15)            Temple (0/1) D:5
   Lair: D:8-11         Orc: D:9-12

Altars:
Ashenzari
Cheibriados
Hepliaklqana
Kikubaaqudgha
Nemelex Xobeh
Okawaru
Uskayaw
The Shining One

Annotations:
D:8 2 transporters, IdlyInterested's ghost, novice DsFi


Innate Abilities, Weirdness & Mutations

You have blades for main tentacles.
You are incapable of wielding weapons or throwing items.
You cannot wear most types of armour.
You are amphibious.
You can wear up to eight rings at the same time.
Your skin changes colour to match your surroundings (Stealth+).
Your rubbery body absorbs attacks. (AC +1, EV +1)
((You are camouflaged when in or above water. (Stealth+)))
You have tentacles for arms and can constrict up to eight enemies at once.


Message History

Done exploring.
Done exploring.
This spell is astonishingly dangerous to cast!
You start memorising the spell.
You continue memorising. x5
You finish memorising.
Spell assigned to 'a'.
Done exploring.
Done exploring.
Done exploring.
Done exploring.
Search for what [Enter for "."]? .
There is a stone staircase leading down here.
You climb downwards.
There is a stone staircase leading up here.
Found a stone staircase leading up.
You pick up a book of Debilitation and begin reading...
You add the spells Slow, Sigil of Binding and Vampiric Draining to your library.
Found a +0 leather armour.
A tengu conjurer, a boulder beetle, a meliai, a slime creature, a boggart, a red ugly thing and a rakshasa come into view.
Found a potion of might.
The meliai buzzes angrily.
The boggart shouts!
The slime creature quivers.
The tengu conjurer shouts!
You hear a shout!
A centaur warrior comes into view. x2
The boulder beetle moves out of view.
The centaur warrior shouts!
The red ugly thing gurgles horribly!
The meliai mumbles some strange prayers to its god against you.
Something smites you!
The meliai invokes the aid of its god against you.
Something smites you!
Found a +0 whip of holy wrath.
The meliai attacks as it pursues you! The meliai hits you with a +0 war axe!
The meliai stings you!
You are poisoned.
The meliai poisons you! The meliai hits you with a +0 war axe!
* * * LOW HITPOINT WARNING * * *
The meliai completely misses you.
* * * LOW HITPOINT WARNING * * *
You feel very sick. The meliai hits you with a +0 war axe!!
You die...

#. #...# #..###.#
#.. #...###......#
....
#........###.#
..... #........#
#.....###........#
#......Q..c......#
#.####.####......#
..{, #.y....#
#.... #..@...#


#.gJc #......# .[...8 .......<.# ..#.uR....#......# ..#.......#......# ...
#.....). .## #..##.... ..# ..### You could see a centaur warrior and a meliai.

Vanquished Creatures
  A two-headed ogre (D:9)
  A wyvern (D:7)
  2 steam dragons
  Menkaure (D:4)
  Edmund (D:4)
  Duvessa (D:7)
  2 orc warriors
  A black bear (D:5)
  A sky beast (D:8)
  An ice beast (D:5)
  2 ogres
  A kobold brigand (D:6)
  A phantom (D:3)
  A gnoll sergeant (D:6)
  A bullfrog (D:8)
  3 scorpions
  12 wights
  Dowan (D:7)
  5 killer bees (D:9)
  3 electric eels (D:3)
  3 howler monkeys
  A lava snake (D:9)
  2 hounds
  4 jellies
  2 orc priests
  2 sleepcaps
  Ijyb (D:3)
  Terence (D:3)
  2 iguanas
  6 orc wizards
  12 gnolls
  4 adders
  A shadow imp (D:8)
  3 white imps
  3 worms
  3 dart slugs
  21 orcs
  4 ball pythons
  3 bats
  An endoplasm (D:3)
  4 giant cockroaches
  3 hobgoblins
  12 kobolds
  4 quokkas
  2 frilled lizards (D:1)
  6 goblins
  3 rats
155 creatures vanquished.

Vanquished Creatures (others)
  A human (D:7)
1 creature vanquished.

Grand Total: 156 creatures vanquished

Notes
Turn   | Place    | Note
-------+----------+-------------------------------------------
     0 | D:1      | LeprechaunX the Octopode Shapeshifter began the quest for
                  | the Orb.
     0 | D:1      | Reached XP level 1. HP: 13/13 MP: 1/1
   256 | D:1      | Reached XP level 2. HP: 18/18 MP: 2/2
   508 | D:1      | Reached XP level 3. HP: 23/23 MP: 3/3
  1028 | D:2      | Reached XP level 4. HP: 21/29 MP: 4/4
  1671 | D:3      | Reached skill level 4 in Shapeshifting
  1775 | D:3      | Found a transporter.
  1816 | D:3      | Noticed Ijyb
  1828 | D:3      | Killed Ijyb
  1829 | D:3      | Reached XP level 5. HP: 35/35 MP: 5/5
  1844 | D:3      | Noticed Terence
  1852 | D:3      | Killed Terence
  1853 | D:3      | Reached skill level 1 in Throwing
  1881 | D:3      | Found a transporter.
  2553 | D:3      | Reached skill level 1 in Evocations
  2553 | D:3      | Reached XP level 6. HP: 23/41 MP: 6/6
  3034 | D:4      | Noticed Edmund
  3039 | D:4      | Noticed Menkaure
  3088 | D:4      | Found a hazy altar of Hepliaklqana.
  3146 | D:4      | Found a broken altar of Ashenzari.
  3157 | D:4      | Became a worshipper of Ashenzari the Shackled
  3188 | D:4      | Reached skill level 5 in Shapeshifting
  3386 | D:4      | Reached XP level 7. HP: 31/46 MP: 7/7
  3392 | D:4      | HP: 2/46 [acid (9)]
  3667 | D:4      | Killed Menkaure
  3737 | D:4      | Killed Edmund
  4241 | D:5      | Entered Level 5 of the Dungeon
  4263 | D:5      | Reached XP level 8. HP: 52/54 MP: 8/8
  4306 | D:5      | Reached skill level 6 in Shapeshifting
  4450 | D:5      | Reached skill level 5 in Unarmed Combat
  4508 | D:5      | Found an iron altar of Okawaru.
  4567 | D:5      | Found a staircase to the Ecumenical Temple.
  5875 | D:6      | Reached skill level 7 in Shapeshifting
  5949 | D:6      | Reached skill level 5 in Fighting
  5949 | D:6      | Reached XP level 9. HP: 23/61 MP: 9/9
  6804 | D:7      | Identified the +6 trident of Conscience {venom, rElec}
  6809 | D:7      | Noticed Duvessa
  6811 | D:7      | Noticed Dowan
  6817 | D:7      | Killed Dowan
  6821 | D:7      | Killed Duvessa
  6822 | D:7      | Reached skill level 1 in Shields
  6966 | D:7      | Found an ancient bone altar of Kikubaaqudgha.
  6988 | D:7      | Got Sif Muna's Grimoire of Ice and Convocation
  7005 | D:7      | Reached * piety under Ashenzari
  7174 | D:7      | Reached skill level 5 in Evocations
  7747 | D:7      | Identified the +0 pair of gloves of Fortitude {rC+ Dex+4}
  7852 | D:8      | Reached skill level 1 in Spellcasting
  7949 | D:8      | Found a glowing golden altar of the Shining One.
  8012 | D:8      | Reached skill level 8 in Shapeshifting
  8093 | D:8      | Found a transporter.
  8093 | D:8      | Found a transporter.
  8093 | D:8      | Noticed IdlyInterested's ghost (novice DsFi)
  8097 | D:8      | Noticed a centaur warrior
  8098 | D:8      | Noticed a deep elf pyromancer
  8114 | D:8      | Identified the +5 rapier "Raim" {venom, Int+3}
  8696 | D:9      | Noticed a two-headed ogre
  8696 | D:9      | Identified the +0 short sword of Osmierod {freeze, rF+}
  8704 | D:9      | Killed a two-headed ogre
  8705 | D:9      | Reached XP level 10. HP: 43/68 MP: 11/13
  8838 | D:9      | Found a sparkling altar of Nemelex Xobeh.
  9216 | D:9      | Found a snail-covered altar of Cheibriados.
  9236 | D:9      | Found a hide-covered altar of Uskayaw.
  9704 | D:9      | Learned a level 5 spell: Iskenderun's Battlesphere
  9731 | D:10     | Entered Level 10 of the Dungeon
  9746 | D:10     | Noticed a boulder beetle
  9746 | D:10     | Noticed a red ugly thing
  9746 | D:10     | Noticed a rakshasa
  9746 | D:10     | Noticed a centaur warrior
  9746 | D:10     | Noticed a centaur warrior
  9752 | D:10     | Mangled by a meliai

Illustrated notes

Levels and vault maps discovered:
D:1:      kilobyte_arrival_exit_the_forest, layout_loops_ring, serial_aquarium,
          aquarium_bridge_island_large [aquarium_subvault_large_water,
          aquarium_subvault_wall, aquarium_subvault_window,
          aquarium_subvault_bridge, aquarium_subvault_balcony],
          aquarium_window_3, aquarium_window_1, aquarium_view_2d,
          aquarium_view_2f, aquarium_pool_split, chequers_serial_rivers_micro_e
D:2:      minmay_kobold_bridge, layout_loops_cross, minmay_pentomino_v2
D:3:      gammafunk_steamed_eel, layout_loops_ring, uniq_ijyb, uniq_terence
D:4:      layout_loops_ring, nzn_hepliaklqana_mist_gate,
          cheibrodos_ashenzari_chains, uniq_menkaure, uniq_edmund
D:5:      layout_gridville, lemuel_tele_altar, minmay_temple_entry_junction
D:6:      layout_rooms, minmay_misc_feat_alley, nrook_pool_corridor,
          fountainhead
D:7:      layout_layer_cave, tgw_kikubaaqudgha, uniq_duvessa
D:8:      layout_basic, mainiacjoe_overflow_alcove_4, gammafunk_ghost_arena
D:9:      layout_cross, nicolae_uskayaw_suspiria,
          nemelex_xobeh_ov_fountains_minmay, mainiacjoe_overflow_boulevard
D:10:     layout_long_grid, nicolae_dithmenos_shadow_blocks, lair_entry_dummy,
          minivault_28

Skill      XL: |  1  2  3  4  5  6  7  8  9 10 |
---------------+-------------------------------+-----
Fighting       | 2 3 5 6 |  6.3
Shapeshifting  | 4 5 7 8 |  8.8
Throwing       | 1 2 3 |  3.0
Unarmed Combat | 4 5 6 |  6.0
Evocations     | 1 2 4 5 6 |  6.1
Shields        | 3 |  3.5
Spellcasting   | 2 |  2.8
Dodging        | |  2.0

Action                     |  1- 3 |  4- 6 |  7- 9 | 10-12 || total
---------------------------+-------+-------+-------+-------++-------
  Melee: Unarmed           |    42 |    69 |   243 |    42 ||   396
         Constrict         |    12 |    17 |    48 |     4 ||    81
         Tentacles         |     7 |    17 |    75 |     7 ||   106
         Punch             |     1 |     2 |    21 |       ||    24
   Fire: Sling             |       |    35 |     9 |       ||    44
  Throw: Throwing net      |       |     1 |       |       ||     1
 Invoke: Curse Item        |       |       |     3 |       ||     3
  Evoke: Wand              |       |     5 |     5 |       ||    10
    Use: Potion            |       |       |       |     2 ||     2
   Stab: Sleeping          |     7 |     4 |     4 |       ||    15
         Held in net/web   |       |     1 |       |       ||     1
         Invisible         |       |       |     3 |       ||     3
 Armour: Skin              |     8 |    38 |    74 |    23 ||   143
  Dodge: Dodged            |    23 |    44 |   157 |    46 ||   270
   Form: Blade             |       |       |     1 |       ||     1

Table legend: (Time is in decaauts)
 A = Elapsed time spent in this place.
 B = Non-inter-level travel time spent in this place.
 C = Inter-level travel time spent in this place.
 D = Time resting spent in this place.
 E = Time spent auto-exploring this place.
 F = Levels seen in this place.
 G = Mean time per level.
                   A        B        C        D        E       F      G
               +--------+--------+--------+--------+--------+-----+--------+
         Total |   9723 |   9424 |    299 |   2013 |   6089 |  10 |  972.3 |
       Dungeon |   9723 |   9424 |    299 |   2013 |   6089 |  10 |  972.3 |
               +--------+--------+--------+--------+--------+-----+--------+

Top non-repeatable levels by time:
     D:3: 1428 daAuts
     D:7: 1330 daAuts
     D:6: 1210 daAuts
     D:4: 1182 daAuts
     D:9: 1029 daAuts
     D:5: 963 daAuts
     D:8: 926 daAuts
     D:1: 849 daAuts
     D:2: 781 daAuts
    D:10: 20 daAuts
